 Dungeon Crawl Stone Soup version 0.26-a0-597-gb535b0901c (webtiles) character file.

Game seed: 1001370516425329392

3814 HoaS the Cruncher (level 10, -22/70 HPs)
             Began as a Formicid Fighter on Sept 5, 2020.
             Was a Follower of Makhleb.
             Killed by the air
             ... invoked by Gastronok
              (24 damage)
             ... on level 8 of the Dungeon.
             The game lasted 00:16:35 (7885 turns).

HoaS the Cruncher (Formicid Fighter)                Turns: 7885, Time: 00:16:36

Health: -22/70     AC: 14    Str: 24    XL:     10   Next: 40%
Magic:  10/10      EV:  8    Int:  8    God:    Makhleb [*.....]
Gold:   412        SH: 11    Dex: 10    Spells: 9/9 levels left

rFire    . . .     SeeInvis +   a - +1 quarterstaff
rCold    . . .     Faith    .   c - +0 kite shield
rNeg     . . .     Spirit   .   e - +0 chain mail
rPois    .         Reflect  .   (helmet unavailable)
rElec    .         Harm     .   l - +0 cloak
rCorr    .                      (no gloves)
MR       +....                  (no boots)
Stlth    ..........             (no amulet)
HPRegen  0.21/turn              b - +4 ring of protection
MPRegen  0.12/turn              o - ring of teleportation (curse)

@: no status effects
A: permanent stasis, dig shafts and tunnels, four strong arms, antennae 3
a: Dig, Shaft Self, Renounce Religion


You were on level 8 of the Dungeon.
You worshipped Makhleb.
Makhleb was aware of your devotion.
You visited 2 branches of the dungeon, and saw 9 of its levels.

You collected 412 gold pieces.

Inventory:

Hand Weapons
 a - a +1 quarterstaff (weapon)
Armour
 c - a +0 kite shield (worn)
 e - a +0 chain mail (worn)
 l - a +0 cloak (worn)
Jewellery
 b - a +4 ring of protection (left hand)
 o - a cursed ring of teleportation (right hand)
Wands
 d - a wand of enslavement (4)
 m - a wand of iceblast (15)
 q - a wand of paralysis (4)
Scrolls
 g - 5 scrolls of remove curse
 k - a scroll of identify
 n - a scroll of fear
Potions
 f - 4 potions of mutation
 h - a potion of haste {unknown}
 i - a potion of curing
 j - a potion of ambrosia {unknown}
 p - a potion of flight {unknown}


   Skills:
 - Level 3.2 Fighting
 * Level 12.4 Staves
 - Level 3.2 Armour
 - Level 9.0 Shields


You had 9 spell levels left.
You didn't know any spells.
Your spell library contained the following spells:

 Spells                   Type           Power        Failure   Level
 Beastly Appendage        Tmut           #.....       97%         1
 Corona                   Hex            #......      97%         1
 Slow                     Hex            #.......     99%         2
 Wereblood                Tmut           #.......     99%         2
 Inner Flame              Hex/Fire       #.......     100%        3
 Portal Projectile        Hex/Tloc       #.....       100%        3
 Spider Form              Tmut/Pois      #.........   100%        3
 Cause Fear               Hex            #.........   100%        4
 Ice Form                 Ice/Tmut       #.......     100%        4
 Leda's Liquefaction      Hex/Erth       #.........   100%        4
 Blade Hands              Tmut           #.........   100%        5


Dungeon Overview and Level Annotations

Branches:
Dungeon (8/15)             Temple (1/1) D:7
   Lair: D:8-11

Altars:
Ashenzari
Cheibriados
Dithmenos
Elyvilon
Fedhas
Gozag
Hepliaklqana
Kikubaaqudgha
Makhleb
Nemelex Xobeh
Okawaru
Qazlal
Ru
Sif Muna
Trog
Uskayaw
Vehumet
Wu Jian
Xom
Yredelemnul
Zin
The Shining One

Shops:
D:4 :   D:7 !

Annotations:
D:8 Gastronok


Innate Abilities, Weirdness & Mutations

You cannot be hasted, slowed, berserked, paralysed or teleported.
You can dig through walls and to a lower floor.
Your four strong arms can wield two-handed weapons with a shield.
You have a pair of large antennae on your head. (SInv)


Message History

Gastronok bites you!!
* * * LOW HITPOINT WARNING * * *
You sock Gastronok!
Gastronok is moderately wounded.
You hit Gastronok.
Gastronok is moderately wounded.
You hit Gastronok.
Gastronok is moderately wounded.
Gastronok waves his eye-stalks in wide circles.
The air twists around and strikes you!
* * * LOW HITPOINT WARNING * * *
You thump Gastronok!
Gastronok is moderately wounded.
You sock Gastronok!
Gastronok is heavily wounded.
You barely miss Gastronok.
Gastronok is heavily wounded.
Gastronok waves his eye-stalks in wide circles.
The air twists around and strikes you!!
You die...

## .. ### .. ##@#
.# #w###.# #####
##.#..# #
...?.###.(..##.##
#####....(.......#
........(.<.......
#####.....##.#...
####(##{K.......
####...(...K>......


You could see Gastronok.

Vanquished Creatures
  A troll (D:7)
  Grinder (D:4)
  Prince Ribbit (D:5)
  2 hippogriffs
  A wyvern (D:6)
  Menkaure (D:5)
  The ghost of Cokeysmoke the Gusty, an amateur DEAE (D:3)
  A water moccasin (D:6)
  A hornet zombie (D:6)
  An ice beast (D:6)
  A black bear (D:7)
  2 sky beasts
  3 ogres
  2 big kobolds
  4 bullfrogs
  A wyvern skeleton (D:6)
  2 scorpions
  5 killer bees (D:7)
  4 howler monkeys
  2 hounds
  2 orc priests
  Crazy Yiuf (D:5)
  A centaur skeleton (D:5)
  A bullfrog skeleton (D:5)
  Natasha (thrice) (D:3)
  An iguana (D:7)
  3 orc wizards
  6 worker ants
  A hound zombie (D:7)
  A hound skeleton (D:7)
  4 adders
  A shadow imp (D:8)
  An ufetubus (D:5)
  3 oozes
  An adder skeleton (D:5)
  3 worms
  5 dart slugs
  6 leopard geckos
  20 orcs
  5 giant cockroaches
  11 goblins
  6 hobgoblins
  18 jackals
  35 kobolds
  5 quokkas
  10 bats
  3 frilled lizards (D:3)
  A quokka skeleton (D:5)
  A quokka zombie (D:6)
  6 rats
202 creatures vanquished.

Vanquished Creatures (others)
  A kobold (D:3)
  2 fungi (D:3)
  18 plants
21 creatures vanquished.

Grand Total: 223 creatures vanquished

Notes
Turn   | Place    | Note
-------+----------+-------------------------------------------
     0 | D:1      | HoaS the Formicid Fighter began the quest for the Orb.
     0 | D:1      | Reached XP level 1. HP: 18/18 MP: 1/1
   118 | D:1      | Reached XP level 2. HP: 24/24 MP: 2/2
   263 | D:1      | Reached XP level 3. HP: 24/29 MP: 3/3
   319 | D:1      | Reached skill level 3 in Staves
   936 | D:2      | Reached XP level 4. HP: 35/35 MP: 4/4
  1428 | D:2      | Reached skill level 4 in Staves
  1528 | D:2      | You fall into a shaft and drop 1 floor!
  1529 | D:3      | Noticed Natasha
  1531 | D:3      | Killed Natasha
  1531 | D:3      | Reached XP level 5. HP: 41/41 MP: 5/5
  1950 | D:3      | Found a faded altar of an unknown god.
  2028 | D:3      | Reached skill level 5 in Shields
  2062 | D:3      | Found a radiant altar of Vehumet.
  2208 | D:3      | Noticed Natasha
  2213 | D:3      | Killed Natasha
  2213 | D:3      | Reached skill level 5 in Staves
  2213 | D:3      | Reached XP level 6. HP: 41/47 MP: 6/6
  2283 | D:3      | Noticed Natasha
  2290 | D:3      | Killed Natasha
  2353 | D:3      | Found a basalt altar of Yredelemnul.
  2434 | D:3      | Found a runed translucent gate.
  2436 | D:3      | Found a runed translucent gate.
  2436 | D:3      | Identified the cursed +0 whip of Duty {elec, rF+ MP+9}
  2437 | D:3      | Noticed Cokeysmoke's ghost (amateur DEAE)
  2438 | D:3      | Found a runed translucent gate.
  3194 | D:4      | Reached XP level 7. HP: 49/52 MP: 7/7
  3238 | D:4      | Found Unaewkiu's Book Shoppe.
  3250 | D:4      | Noticed Grinder
  3262 | D:4      | Killed Grinder
  3262 | D:4      | Reached skill level 6 in Staves
  3511 | D:5      | Entered Level 5 of the Dungeon
  3757 | D:5      | Reached skill level 7 in Staves
  3863 | D:5      | Reached XP level 8. HP: 50/58 MP: 8/8
  4322 | D:5      | Noticed Menkaure
  4323 | D:5      | Noticed Prince Ribbit
  4345 | D:5      | Killed Menkaure
  4345 | D:5      | Reached skill level 8 in Staves
  4371 | D:5      | Killed Prince Ribbit
  4653 | D:5      | Found a runed translucent door.
  4654 | D:5      | Noticed Crazy Yiuf
  4970 | D:5      | Killed Crazy Yiuf
  5033 | D:6      | Found a bloodstained altar of Trog.
  5079 | D:6      | Reached XP level 9. HP: 23/64 MP: 9/9
  5319 | D:6      | Reached skill level 9 in Staves
  6098 | D:7      | Reached skill level 10 in Staves
  6220 | D:7      | Found a staircase to the Ecumenical Temple.
  6253 | Temple   | Entered the Ecumenical Temple
  6265 | Temple   | Became a worshipper of Makhleb the Destroyer
  6446 | D:7      | Noticed a hippogriff
  6473 | D:7      | Killed a hippogriff
  6647 | D:7      | Noticed a troll
  6658 | D:7      | Killed a troll
  6658 | D:7      | Reached skill level 11 in Staves
  6661 | D:7      | Reached XP level 10. HP: 47/70 MP: 10/10
  6674 | D:7      | Found Anwim's Distillery.
  7600 | D:3      | Killed Cokeysmoke's ghost
  7600 | D:3      | Reached skill level 12 in Staves
  7805 | D:8      | Noticed Gastronok
  7847 | D:8      | Reached * piety under Makhleb
  7882 | D:8      | HP: 1/70 [Gastronok/the air (15)]
  7885 | D:8      | Killed from afar by Gastronok

Illustrated notes

Levels and vault maps discovered:
D:1:      shiori_arrival_elements, layout_basic
D:2:      layout_loops_corners, chequers_serial_rivers_marsh, eino_tiny_chamber,
          lexackson_kobold_supper
D:3:      layout_loops_cross, vehumet_crystals, gammafunk_ghost_nasty_kobolds,
          chequers_ecumenical_altar_simple, yredelemnul_altar_generic,
          uniq_natasha
D:4:      layout_loops_ring, serial_shops, kennysheep_mini, uniq_grinder
D:5:      layout_cave_pools, serial_bayou, serial_bayou_pond_a,
          serial_bayou_pond_a, serial_bayou_shore_b, serial_bayou_pond_c,
          uniq_crazy_yiuf_cottage, uniq_prince_ribbit1, uniq_menkaure
D:6:      layout_basic, serial_curves, eino_curves_03, eino_curves_02,
          bloody_trog
D:7:      layout_basic, minmay_temple_entry_glassed_door, serial_shops,
          nicolae_shop_statue_plus
D:8:      layout_rooms, kennysheep_crisscross, uniq_gastronok
Temple:   minmay_crystal_snake_temple

Skill      XL: |  1  2  3  4  5  6  7  8  9 10 |
---------------+-------------------------------+-----
Shields        | 4 5 6 8 9 |  9.0
Staves         | 3 4 5 7 8 11 12 | 12.4
Fighting       | |  3.2
Armour         | |  3.2

Action                   |  1- 3 |  4- 6 |  7- 9 | 10-12 || total
-------------------------+-------+-------+-------+-------++-------
Melee: Quarterstaff      |    88 |   254 |   294 |   189 ||   825
 Abil: Dig               |     2 |     2 |     5 |     4 ||    13
  Use: Scroll            |     4 |     5 |     6 |       ||    15
       Potion            |       |       |     1 |     2 ||     3
Armor: Chain mail        |    37 |   117 |   113 |    60 ||   327
Dodge: Dodged            |    16 |    49 |    46 |    36 ||   147
Block: Kite shield       |    58 |   113 |   149 |    73 ||   393

Table legend: (Time is in decaauts)
 A = Elapsed time spent in this place.
 B = Non-inter-level travel time spent in this place.
 C = Inter-level travel time spent in this place.
 D = Time resting spent in this place.
 E = Time spent auto-exploring this place.
 F = Levels seen in this place.
 G = Mean time per level.
                   A        B        C        D        E       F      G
               +--------+--------+--------+--------+--------+-----+--------+
         Total |   7850 |   7186 |    664 |   1587 |   4092 |   9 |  872.2 |
       Dungeon |   7661 |   7034 |    627 |   1587 |   3944 |   8 |  957.6 |
        Temple |    188 |    151 |     37 |      0 |    148 |   1 |  188.0 |
               +--------+--------+--------+--------+--------+-----+--------+

Top non-repeatable levels by time:
     D:5: 1414 daAuts
     D:7: 1154 daAuts
     D:3: 1106 daAuts
     D:2: 1090 daAuts
     D:6: 1078 daAuts
     D:1: 889 daAuts
     D:4: 861 daAuts
  Temple: 188 daAuts
     D:8: 66 daAuts
